 Dungeon Crawl Stone Soup version 0.27.0-1-g7a089689b8 (webtiles) character file.

Game seed: 16818435212010827978

90 pkoi the Ruffian (level 4, -2/44 HPs)
             Began as a Troll Monk on Aug 11, 2021.
             Was a Priest of Elyvilon.
             Slain by a gnoll (4 damage)
             ... on level 2 of the Dungeon.
             The game lasted 00:01:49 (1476 turns).

pkoi the Ruffian (Troll Monk)                       Turns: 1476, Time: 00:01:49

Health: -2/44      AC:  4    Str: 20    XL:     4   Next: 32%
Magic:  4/4        EV: 10    Int: 12    God:    Elyvilon [***...]
Gold:   86         SH:  0    Dex: 12    Spells: 3/3 levels left

rFire    . . .     SeeInvis .     - Unarmed
rCold    . . .     Faith    .   (no shield)
rNeg     . . .     Spirit   .   a - +0 robe
rPois    .         Reflect  .   (helmet restricted)
rElec    .         Harm     .   (no cloak)
rCorr    +         Rampage  .   (gloves unavailable)
Will     .....                  (boots unavailable)
Stlth    ++........             (no amulet)
HPRegen  1.14/turn              b - ring of resist corrosion
MPRegen  0.09/turn              e - +6 ring of intelligence

@: weak-willed
A: large, unfitting armour, claws 3, regeneration 1, shaggy fur 1, tough skin 1
a: Renounce Religion, Lesser Healing, Heal Other, Purification, Divine
Protection


You were on level 2 of the Dungeon.
You worshipped Elyvilon.
Elyvilon was most pleased with you.
You visited 1 branch of the dungeon, and saw 2 of its levels.

You collected 86 gold pieces.

Inventory:

Armour
 a - a +0 robe (worn)
Jewellery
 b - a ring of resist corrosion (left claw)
 e - a +6 ring of intelligence (right claw)
Scrolls
 c - a scroll of magic mapping {unknown}
Potions
 g - a potion of magic {unknown}
 h - a potion of mutation


   Skills:
 - Level 2.4 Fighting
 - Level 2.4 Dodging
 - Level 1.0 Stealth
 + Level 4.8 Unarmed Combat
 + Level 1.4 Invocations


You had 3 spell levels left.
You didn't know any spells.
Your spell library contained the following spells:

 Spells                   Type           Power      Damage    Failure   Level
 Corona                   Hex            0%         N/A       32%         1
 Ensorcelled Hibernation  Hex/Ice        0%         N/A       45%         2
 Tukima's Dance           Hex            0%         N/A       69%         3
 Alistair's Intoxication  Tmut/Pois      0%         N/A       100%        5
 Borgnjor's Vile Clutch   Necr/Erth      0%         N/A       100%        5
 Eringya's Noxious Bog    Tmut/Pois      0%         N/A       100%        6


Dungeon Overview and Level Annotations

Branches:
Dungeon (2/15)

Altars:
Elyvilon


Innate Abilities, Weirdness & Mutations

You are too large for most types of armour.
You have claws for hands.
Your natural rate of healing is unusually fast.
You are covered in fur. (AC +1)
You have tough skin. (AC +1)


Message History

You are too injured to fight recklessly!
You are too injured to fight recklessly!
You are too injured to fight recklessly!
You are too injured to fight recklessly!
You are too injured to fight recklessly!
You are too injured to fight recklessly!
You are too injured to fight recklessly!
You are too injured to fight recklessly!
You are too injured to fight recklessly!
You are too injured to fight recklessly!
You are too injured to fight recklessly!
You are too injured to fight recklessly!
You barely miss the gnoll.
The gnoll is severely wounded.
The gnoll hits you with a +0 spear.
* * * LOW HITPOINT WARNING * * *
The gnoll hits you from afar with a +2 halberd of freezing.
* * * LOW HITPOINT WARNING * * *
The gnoll freezes you.
* * * LOW HITPOINT WARNING * * *
The gnoll barely misses you.
As you read the scroll labelled NODAN GOMP, it crumbles to dust.
It is a scroll of identify.
h - a potion of mutation
As you read the scroll labelled FEZAUXZ XANYN, it crumbles to dust.
Magic quickly surges around you.
It was a scroll of vulnerability.
The gnoll hits you with a +2 halberd of freezing!
The gnoll freezes you.
You completely miss the gnoll.
The gnoll hits you with a +2 halberd of freezing!
The gnoll freezes you.
You closely miss the gnoll. The gnoll barely misses you.
The gnoll hits you with a +2 halberd of freezing!
* * * LOW HITPOINT WARNING * * *
The gnoll freezes you.
* * * LOW HITPOINT WARNING * * *
You scratch the gnoll.
The gnoll is moderately wounded.
The gnoll hits you from afar with a +0 spear.
You die...

#........#
###.....##.#
+.......# #
###....## #..g.#
..... #..#####.#
## #...#
#.gg.....# #..
...# ##g#######
#.# #..#######@#
#.# #..#.....#.#
#.###..#(#.....#
#.##.......#.###
#.#......###.#
###......#.# #.#
........##.# #.#
#######)##.. ..#
#)########


You could see 4 gnolls.

Vanquished Creatures
  An orc priest (D:2)
  A gnoll (D:1)
  3 orcs (D:2)
  4 bats
  An endoplasm (D:2)
  2 giant cockroaches (D:1)
  A goblin (D:1)
  6 hobgoblins
  4 jackals (D:1)
  3 quokkas
  5 ball pythons
  3 frilled lizards (D:1)
  4 kobolds
  4 rats
42 creatures vanquished.

Notes
Turn   | Place    | Note
-------+----------+-------------------------------------------
     0 | D:1      | pkoi the Troll Monk began the quest for the Orb.
     0 | D:1      | Reached XP level 1. HP: 22/22 MP: 0/0
    76 | D:1      | Reached XP level 2. HP: 9/29 MP: 1/1
   432 | D:1      | Reached skill level 4 in Unarmed Combat
   502 | D:1      | Reached XP level 3. HP: 36/36 MP: 2/2
   971 | D:2      | Found a faded altar of an unknown god.
   976 | D:2      | Became a worshipper of Elyvilon the Healer
   976 | D:2      | Reached * piety under Elyvilon
   976 | D:2      | Reached ** piety under Elyvilon
  1108 | D:2      | Reached *** piety under Elyvilon
  1355 | D:2      | Reached skill level 1 in Invocations
  1355 | D:2      | Reached XP level 4. HP: 44/44 MP: 2/4
  1475 | D:2      | HP: 1/44 [gnoll (5)]
  1476 | D:2      | Slain by a gnoll

Illustrated notes

Levels and vault maps discovered:
D:1:      onia_arrival_mini_maze, layout_loops_corners, minmay_misc_feat_alley
D:2:      layout_loops_corners, basic_ecumenical_altar

Skill      XL: |  1  2  3 |
---------------+----------+-----
Unarmed Combat | 4 |  4.8
Invocations    | 1 |  1.4
Fighting       | |  2.4
Dodging        | |  2.4
Stealth        | |  1.0

Action                   |  1- 3 |  4- 6 || total
-------------------------+-------+-------++-------
Melee: Unarmed           |    90 |    10 ||   100
       Punch             |     2 |       ||     2
  Use: Potion            |     2 |       ||     2
       Scroll            |       |     2 ||     2
 Stab: Sleeping          |     3 |     1 ||     4
Armor: Robe              |    32 |       ||    32
       Skin              |     1 |     1 ||     2
Dodge: Dodged            |    40 |     8 ||    48
